cohdb
Replays
Latest Replays
All Replays
Popular Replays
Top Player Replays
Match Explorer
How It Works
Community
CoH3 Stats
Reddit
Sign in to upload your games and track your stats! →
Sign in with Steam
Match 42225942
Unlisted
Match 42225942
Overview
Messages
Build Orders
End
Scout Squad
Construct Barracks
1⁄4-ton 4x4 Truck
1⁄4-ton 4x4 Truck
Selects Airborne Battlegroup
Selects Heavy Machine Gun Paradrop
Heavy Machine Gun Paradrop
Selects Paratrooper Squad Paradrop
Paratrooper Squad Paradrop
Mechanized Support Center
Paratrooper Squad Paradrop
Construct Motor Pool
M24 Chaffee Light Tank
Heavy Machine Gun Paradrop
Engineer Squad
Designate Forward Repair Station
Selects Recon Loiter
Selects Supply Drop
M24 Chaffee Light Tank
Esxile
冬瓜汤涩
Skyline
Dave
0
0
Comments
sign in to comment!
No comments posted yet!